 Dungeon Crawl Stone Soup version 0.27-a0-1189-gb8eb6cee8e (webtiles) character file.

Game seed: 13734678208608582942

2080 roflturtle the Magician (level 9, -8/92 HPs)
             Began as a Purple Draconian Transmuter on May 22, 2021.
             Killed from afar by a gargoyle (19 damage)
             ... with a stone arrow
             ... on level 7 of the Dungeon.
             The game lasted 00:28:07 (7953 turns).

roflturtle the Magician (DrTm)                      Turns: 7953, Time: 00:28:08

Health: -8/92      AC:  7    Str: 19    XL:     9   Next: 6%
Magic:  14/18      EV: 23    Int: 17    God:
Gold:   187        SH:  0    Dex: 11    Spells: 3/20 levels left

rFire    . . .     SeeInvis .     - Unarmed
rCold    . . .     Faith    .   (shield currently unavailable)
rNeg     . . .     Spirit   .   (armour unavailable)
rPois    +         Reflect  .   (helmet currently unavailable)
rElec    .         Harm     .   (cloak currently unavailable)
rCorr    .         Rampage  .   (gloves currently unavailable)
Will     +....                  (boots currently unavailable)
Stlth    +.........             m - amulet of the acrobat
HPRegen  0.25/turn              e - +6 ring of strength
MPRegen  0.16/turn              (no ring)

@: hydra-form, acrobatic, studying Long Blades
A: fast swimmer, devour, amphibious, boosted hp, (breathe power), AC +7, very
large, unfitting armour, (cold-blooded)
a: End Transformation


You were on level 7 of the Dungeon.
You were a two-headed hydra.
You visited 1 branch of the dungeon, and saw 7 of its levels.

You collected 291 gold pieces.
You spent 104 gold pieces at shops.

Inventory:

Hand Weapons
 u - a +1 scythe of distortion
 w - a +6 falchion of electrocution
 z - a +1 vorpal trident
 D - a +2 dagger of draining
 E - a +4 short sword
Missiles
 x - a curare-tipped dart
Armour
 v - a scarf of invisibility (melded)
 H - a +0 pair of boots (melded)
Magical Staves
 B - a staff of death
Jewellery
 e - a +6 ring of strength (left foreclaw)
 g - a ring of fire
 m - an amulet of the acrobat (around neck)
Scrolls
 b - a scroll of brand weapon {unknown}
 d - a scroll of vulnerability {unknown}
 f - 2 scrolls of noise {unknown}
 h - 2 scrolls of enchant armour {unknown}
 k - 3 scrolls of teleportation {unknown}
 n - 2 scrolls of fog {unknown}
 r - a scroll of amnesia
 y - a scroll of identify {unknown}
 C - 2 scrolls of enchant weapon {unknown}
 F - a scroll of fear {unknown}
 G - a scroll of summoning {unknown}
Potions
 a - a potion of might {unknown}
 c - 5 potions of curing
 i - 2 potions of haste {unknown}
 j - a potion of invisibility {unknown}
 l - a potion of lignification {unknown}
 o - a potion of attraction {unknown}
 p - 2 potions of heal wounds {unknown}
 q - 3 potions of flight
 s - a potion of cancellation {unknown}
 t - a potion of brilliance {unknown}
 A - 2 potions of berserk rage {unknown}


   Skills:
 - Level 4.1 Fighting
 - Level 4.0 Dodging
 - Level 6.0 Unarmed Combat
 - Level 6.2 Spellcasting
 + Level 5.7 Transmutations
 - Level 3.1 Poison Magic
 - Level 3.9 Evocations


You had 3 spell levels left.
You knew the following spells:

 Your Spells              Type           Power      Damage    Failure   Level
a - Beastly Appendage     Tmut           48%        N/A       1%          1
b - Wereblood             Tmut           24%        N/A       1%          2
c - Spider Form           Tmut/Pois      10%        N/A       6%          3
d - Passwall              Tmut/Erth      12%        N/A       6%          2
e - Ice Form              Ice/Tmut       15%        N/A       36%         4
f - Hydra Form            Tmut           12%        N/A       32%         5

Your spell library contained the following spells:

 Spells                   Type           Power      Damage    Failure   Level
 Sandblast                Erth           10%        2d5       13%         1
 Summon Small Mammal      Summ           20%        N/A       13%         1
 Call Imp                 Summ           5%         N/A       19%         2
 Call Canine Familiar     Summ           5%         N/A       36%         3
 Stone Arrow              Conj/Erth      10%        3d7       36%         3
 Summon Guardian Golem    Hex/Summ       5%         N/A       36%         3
 Petrify                  Tmut/Erth      15%        N/A       36%         4
 Summon Ice Beast         Ice/Summ       5%         N/A       77%         4
 Summon Lightning Spire   Summ/Air       5%         N/A       77%         4
 Lee's Rapid Deconstruct  Erth           2%         3d6*      98%         5


Dungeon Overview and Level Annotations

Branches:
Dungeon (7/15)             Temple (0/1) D:7

Altars:
Ashenzari
Nemelex Xobeh
Qazlal
Xom
Zin
The Shining One

Shops:
D:4 *

Annotations:
D:5 Menkaure, Prince Ribbit


Innate Abilities, Weirdness & Mutations

You are a two-headed hydra.
You swim very quickly.
You can devour living enemies to heal.
You are amphibious.
Your maximum health is greatly increased.
Your armour is entirely melded.
You are incapable of wielding weapons or throwing items.
((You can breathe bolts of dispelling energy.))
((Your rich purple scales are hard. (AC +7)))
You cannot fit into any form of body armour.
((You are cold-blooded and may be slowed by cold attacks.))


Message History

You become transparent for a moment.
Things that are here:
a +0 shortbow; 16 arrows Done exploring.
Done exploring.
(D) Dungeon (T) Temple
Where to? (Enter - D:7, ? - help)
A gargoyle is nearby!
Casting: Spider Form (dangerous; 6% risk of failure)
Confirm with . or Enter, or press ? or * to list all spells.
The spell is quite dangerous to cast (32% risk of failure)!
Continue anyway?
You turn into a two-headed hydra.
Your scarf of invisibility melds into your body.
Your +0 pair of boots melds into your body.
You bite the gargoyle!
The gargoyle is moderately damaged.
The gargoyle hurls a stone arrow at you.
The stone arrow hits you!!
You nip at the gargoyle but do no damage.
The gargoyle is moderately damaged.
You nip at the gargoyle but do no damage.
The gargoyle is moderately damaged.
The gargoyle barely misses you.
You nip at the gargoyle.
The gargoyle is moderately damaged.
The gargoyle hits you with a +0 mace!
You nip at the gargoyle but do no damage.
The gargoyle is moderately damaged.
The gargoyle hurls a stone arrow at you.
The stone arrow hits you!
You barely miss the gargoyle.
The gargoyle is moderately damaged.
The gargoyle hurls a stone arrow at you.
The stone arrow hits you!!
* * * LOW HITPOINT WARNING * * *
The gargoyle hurls a stone arrow at you.
The stone arrow misses you.
The gargoyle hurls a stone arrow at you.
The stone arrow hits you!!
You die...

##...<.......# #...##
##..........## #...#
###.........### ##...#
###.........##
####....###
####....#..####.......#..
#######9.....##.......
##..########...... #..##
##....... ###D.#
#........ ##....#
##........ ##.....#
#......... ##..#...##
#......... ###..###...#
#......... ##..### #...#
#......... ##..## ##..##
##........ ###.### #...#
#........ ##..## #...#
##.......


You could see a gargoyle.

Vanquished Creatures
  Sigmund (D:3)
  Eustachio (D:6)
  A water moccasin (D:6)
  2 black bears
  An ice beast (D:3)
  3 ogres
  A centaur (D:7)
  A phantom (D:4)
  A kobold brigand (D:6)
  A bullfrog (D:6)
  Blork the orc (D:6)
  3 howler monkeys
  2 orc priests
  2 hounds (D:6)
  A centaur skeleton (D:3)
  A scorpion zombie (D:5)
  Natasha (thrice) (D:2)
  3 iguanas
  3 orc wizards
  8 gnolls
  10 adders
  A shadow imp (D:5)
  A white imp (D:6)
  3 adder skeletons (D:4)
  A worm (D:2)
  3 dart slugs
  15 orcs
  5 bats
  4 endoplasms
  A giant cockroach (D:4)
  8 goblins
  8 hobgoblins
  3 jackals (D:3)
  14 kobolds
  4 quokkas
  2 ball pythons
  3 frilled lizards
  2 rats
128 creatures vanquished.

Vanquished Creatures (others)
  A plant (D:3)
1 creature vanquished.

Grand Total: 129 creatures vanquished

Notes
Turn   | Place    | Note
-------+----------+-------------------------------------------
     0 | D:1      | roflturtle the Draconian Transmuter began the quest for the
                  | Orb.
     0 | D:1      | Reached XP level 1. HP: 16/16 MP: 3/3
   333 | D:1      | Reached XP level 2. HP: 24/24 MP: 3/5
   865 | D:1      | Found a faded altar of an unknown god.
  1168 | D:2      | Found a broken altar of Ashenzari.
  1168 | D:2      | Noticed Natasha
  1173 | D:2      | Reached XP level 3. HP: 29/29 MP: 6/6
  1181 | D:2      | Killed Natasha
  1546 | D:2      | Noticed Natasha
  1558 | D:2      | Killed Natasha
  1559 | D:2      | Reached XP level 4. HP: 36/36 MP: 5/7
  1745 | D:2      | Learned a level 2 spell: Wereblood
  1749 | D:2      | Learned a level 3 spell: Spider Form
  1817 | D:2      | Noticed Natasha
  1823 | D:2      | Killed Natasha
  1824 | D:2      | Reached skill level 1 in Poison Magic
  1896 | D:3      | Noticed Sigmund
  1911 | D:3      | Reached XP level 5. HP: 39/41 MP: 6/8
  2172 | D:3      | Found a glowing golden altar of the Shining One.
  2820 | D:4      | Reached XP level 6. HP: 43/48 MP: 7/10
  3097 | D:4      | Found a stormy altar of Qazlal.
  3130 | D:4      | Found Anguto Cyjo's General Store.
  3135 | D:4      | Bought a potion of flight for 33 gold pieces
  3135 | D:4      | Bought a scroll of amnesia for 38 gold pieces
  3135 | D:4      | Bought a potion of curing for 33 gold pieces
  3138 | D:4      | Learned a level 2 spell: Passwall
  3312 | D:4      | Noticed an ice beast
  3369 | D:3      | Killed an ice beast
  3485 | D:3      | Killed Sigmund
  3486 | D:3      | Your scales start taking on a rich purple colour.
  3486 | D:3      | Reached XP level 7. HP: 15/57 MP: 9/12
  4158 | D:4      | Found a sparkling altar of Nemelex Xobeh.
  4248 | D:5      | Entered Level 5 of the Dungeon
  4520 | D:5      | Noticed Prince Ribbit
  4604 | D:5      | Noticed Menkaure
  4771 | D:6      | Noticed Blork the orc
  4778 | D:6      | Reached skill level 5 in Transmutations
  4779 | D:6      | Killed Blork the orc
  4780 | D:6      | Reached XP level 8. HP: 47/63 MP: 11/15
  5058 | D:6      | Noticed Eustachio
  5083 | D:6      | Killed Eustachio
  5084 | D:6      | Reached skill level 5 in Spellcasting
  5185 | D:6      | Learned a level 4 spell: Ice Form
  5191 | D:6      | Learned a level 5 spell: Hydra Form
  5921 | D:6      | Reached skill level 5 in Unarmed Combat
  6343 | D:6      | Found a glowing silver altar of Zin.
  6344 | D:6      | Noticed an angel
  6348 | D:6      | Found a shimmering altar of Xom.
  6739 | D:7      | Found a staircase to the Ecumenical Temple.
  7142 | D:7      | Noticed a gargoyle
  7522 | D:7      | Reached XP level 9. HP: 41/71 MP: 14/18
  7953 | D:7      | Killed from afar by a gargoyle

Illustrated notes

Levels and vault maps discovered:
D:1:      lightli_arrival_flooded_house, layout_basic,
          chequers_ecumenical_altar_lobes
D:2:      layout_loops_cross, basic_altar, uniq_natasha
D:3:      layout_basic, tso_oasis_becter, uniq_sigmund
D:4:      layout_rooms, kennysheep_mini_moat, nemelex_spade_bored_becter,
          serial_shops, kennysheep_little_box, minmay_manual_maat
D:5:      minmay_skewed_foursquare, layout_rooms, tgw_trog,
          general_overflow_altar, chequers_serial_rivers_small_3,
          mrwooster_statue_mirror, uniq_pikel, uniq_menkaure,
          uniq_prince_ribbit1
D:6:      layout_loops_corners, grunt_temple_overflow_order_and_chaos_1,
          uniq_blork_the_orc, uniq_eustachio
D:7:      layout_cave_pods, temple_doors_ab, minmay_microvault

Skill      XL: |  1  2  3  4  5  6  7  8 |
---------------+-------------------------+-----
Dodging        | 2 3 4 |  4.0
Fighting       | 2 3 4 |  4.1
Unarmed Combat | 4 6 |  6.0
Transmutations | 3 4 5 |  5.7
Poison Magic   | 1 3 |  3.1
Spellcasting   | 3 4 6 |  6.2
Evocations     | 3 |  3.9

Action                   |  1- 3 |  4- 6 |  7- 9 || total
-------------------------+-------+-------+-------++-------
Melee: Unarmed           |   105 |   149 |   203 ||   457
       Kick              |     7 |    11 |    17 ||    35
       Headbutt          |     6 |    12 |    13 ||    31
       Tailslap          |     6 |    11 |    11 ||    28
       Punch             |       |     2 |     2 ||     4
 Cast: Beastly Appendage |    10 |    13 |     9 ||    32
       Spider Form       |       |     5 |    15 ||    20
       Wereblood         |       |       |     1 ||     1
       Hydra Form        |       |       |     1 ||     1
  Use: Potion            |       |       |     1 ||     1
 Stab: Sleeping          |     2 |       |       ||     2
Armor: Skin              |    20 |    30 |    15 ||    65
Dodge: Dodged            |    60 |   100 |   204 ||   364

Table legend: (Time is in decaauts)
 A = Elapsed time spent in this place.
 B = Non-inter-level travel time spent in this place.
 C = Inter-level travel time spent in this place.
 D = Time resting spent in this place.
 E = Time spent auto-exploring this place.
 F = Levels seen in this place.
 G = Mean time per level.
                   A        B        C        D        E       F      G
               +--------+--------+--------+--------+--------+-----+--------+
         Total |   7935 |   7714 |    221 |   1627 |   4056 |   7 | 1133.6 |
       Dungeon |   7935 |   7714 |    221 |   1627 |   4056 |   7 | 1133.6 |
               +--------+--------+--------+--------+--------+-----+--------+

Top non-repeatable levels by time:
     D:6: 1947 daAuts
     D:2: 1231 daAuts
     D:7: 1223 daAuts
     D:4: 1201 daAuts
     D:3: 1129 daAuts
     D:1: 1027 daAuts
     D:5: 175 daAuts
